 Dungeon Crawl Stone Soup version 0.31-a0-963-ga325b2283a (webtiles) character file.

Game seed: 3342188102897756577

1619 Frankeee the Changeling (level 8, -2/36 HPs)
             Began as a Felid Shapeshifter on Oct 24, 2023.
             Slain by an orc warrior
             ... wielding a +0 broad axe
              (10 damage)
             ... on level 6 of the Dungeon.
             The game lasted 00:03:59 (4585 turns).

Frankeee the Changeling (Felid Shapeshifter)        Turns: 4585, Time: 00:03:59

Health: -2/36      AC:  2    Str: 16    XL:     8   Next: 64%
Magic:  9/9        EV: 20    Int: 12    God:
Gold:   417        SH:  0    Dex: 17    Spells: 7/7 levels left
                                        Lives:  0   Deaths: 3

rFire   . .          .
                       - Unarmed
rCold   + . .        (shield unavailable)
rNeg    . . .        (body armour unavailable)
rPois   .            (helmet unavailable)
rElec   +            (cloak unavailable)
rCorr   .            (gloves unavailable)
SInv    +            (boots unavailable)
Will    +....        (no amulet)
Stlth   +++          i - +6 ring of strength
HPRegen 0.26/turn    (no ring)
MPRegen 0.11/turn

%: no passive effects
@: beast-form, quick
A: beast (slay +3), very small, claws 1, fangs 3, see invisible, speed 1, shaggy
fur 2, stealthy paws, no weapons or thrown items, no armour, multi-lived, cold
resistance 1, electricity resistance
a: Begin Untransformation


You were on level 6 of the Dungeon.
You were a hulking beast.
You visited 1 branch of the dungeon, and saw 6 of its levels.

You collected 417 gold pieces.

Inventory:

Jewellery
 i - a +6 ring of strength (left paw)
Talismans
 b - a beast talisman (active)
 c - a flux talisman
 p - a serpent talisman
Wands
 h - a wand of flame (17)
Scrolls
 a - a scroll of butterflies {unknown}
 d - 4 scrolls of identify {unknown}
 k - a scroll of immolation {unknown}
 m - a scroll of teleportation {unknown}
 n - a scroll of revelation {unknown}
Potions
 e - 3 potions of might {unknown}
 f - a potion of mutation
 g - a potion of attraction {unknown}
 j - 2 potions of enlightenment {unknown}
 l - a potion of degeneration {unknown}
 o - 3 potions of brilliance {unknown}
 q - a potion of heal wounds {unknown}
 r - a potion of berserk rage {unknown}


   Skills:
 + Level 4.1 Fighting
 + Level 6.1 Dodging
 + Level 5.6 Stealth
 * Level 6.5 Unarmed Combat
 * Level 6.7 Shapeshifting


You had 7 spell levels left.
You didn't know any spells.
Your spell library contained the following spells:

 Spells                   Type           Power      Damage    Failure   Level
 Apportation              Tloc           0%         N/A       32%         1
 Necrotise                Necr           0%         1d4       32%         1
 Summon Small Mammal      Summ           0%         N/A       32%         1
 Call Canine Familiar     Summ           0%         N/A       69%         3
 Hailstorm                Conj/Ice       0%         3d3       69%         3
 Summon Guardian Golem    Hex/Summ       0%         N/A       69%         3
 Vampiric Draining        Necr           0%         2d6       69%         3
 Summon Ice Beast         Ice/Summ       0%         N/A       97%         4
 Agony                    Necr           0%         N/A       100%        5
 Simulacrum               Ice/Necr       0%         N/A       100%        6


Dungeon Overview and Level Annotations

Branches:
Dungeon (6/15)
 Temple: D:4-7

Altars:
Qazlal

Shops:
D:2 (


Innate Abilities, Weirdness & Mutations

You are a hulking beast.
Your limbs bulge with bestial killing power. (Slay +3)
You have sharp claws.
You have razor-sharp teeth.
You have supernaturally acute eyesight. (SInv)
You cover ground quickly. (Speed+)
You are covered in thick fur. (AC +2)
Your paws help you pounce on unaware monsters.
You are incapable of wielding weapons or throwing items.
You cannot wear armour.
You gain extra lives every three experience levels.
Your flesh is cold resistant. (rC+)
You are resistant to electric shocks. (rElec)


Message History

Grinder blinks!
You claw Grinder!
You kill Grinder!
Your Fighting skill increases to level 4!
Your Dodging skill increases to level 6!
No target in view!
There is a stone staircase leading down here.
Found a leather armour.
You now have 417 gold pieces (gained 21).
An orc wizard comes into view.
It is wielding a +0 dagger of venom and wearing a +2 robe of fire resistance.
An orc wizard is nearby!
An orc wizard is nearby!
An orc comes into view. It is wielding a +0 club.
An orc warrior comes into view. It is wielding a +0 broad axe.
The helpless orc wizard fails to defend itself.
You mangle the orc wizard!!
You kill the orc wizard!
The orc warrior shouts!
You hear a shout!
The orc closely misses you.
Things that are here:
a +0 dagger of venom; a +2 robe of fire resistance; an orc corpse You scratch the orc warrior.
You claw the orc warrior, but do no damage.
The orc warrior is lightly wounded.
The orc misses you.
The orc warrior hits you with a +0 broad axe!
A centaur comes into view.
You claw the orc warrior!
The orc warrior is heavily wounded.
The orc misses you. The orc warrior completely misses you.
You barely miss the orc warrior.
The orc warrior is heavily wounded.
The orc warrior hits you with a +0 broad axe!
* * * LOW HITPOINT WARNING * * *
The orc misses you.
You are too injured to fight recklessly!
You are too injured to fight recklessly!
The orc warrior attacks as it pursues you!
The orc warrior hits you with a +0 broad axe!
You die...

#.......# ..#
.#######..######
. .. ..........#
#.#.. #####..#.#
#....# #..#.# .
.#..# #..#.#
..###c. #..#.#
#..#...#####..#.#
#....ooh.......#
...##.######..###
# #..# #.[# #..#
#..# #..# ..#


You could see an orc warrior, a centaur and an orc.

Vanquished Creatures
  Prince Ribbit (D:5)
  Grinder (D:6)
  Duvessa (D:4)
  A black bear (D:4)
  2 ogres (D:5)
  A centaur (D:5)
  A scorpion (D:5)
  Dowan (D:4)
  3 jellies
  2 hounds (D:5)
  An orc priest (D:4)
  An iguana (D:5)
  2 sleepcaps (D:5)
  Natasha (thrice) (D:2)
  6 orc wizards
  4 gnolls (D:5)
  6 adders
  2 worms
  A dart slug (D:2)
  14 orcs
  8 bats
  2 endoplasms
  A giant cockroach (D:3)
  12 goblins
  9 hobgoblins
  4 jackals (D:5)
  4 kobolds
  4 quokkas
  11 ball pythons
  7 frilled lizards
  7 rats
123 creatures vanquished.

Notes
Turn   | Place    | Note
-------+----------+-------------------------------------------
     0 | D:1      | Frankeee the Felid Shapeshifter began the quest for the
                  | Orb.
     0 | D:1      | Reached XP level 1. HP: 9/9 MP: 2/2
   152 | D:1      | Reached XP level 2. HP: 12/12 MP: 3/3
   239 | D:1      | Reached skill level 1 in Stealth
   707 | D:2      | Noticed Natasha
   716 | D:2      | Killed Natasha
   717 | D:2      | Reached XP level 3. HP: 12/15 MP: 4/4
  1036 | D:2      | Found Viqekil's Antique Weapon Shop.
  1051 | D:2      | Noticed Natasha
  1059 | D:2      | Killed from afar by Natasha
  1148 | D:2      | Reached XP level 4. HP: 19/19 MP: 5/5
  1252 | D:2      | Killed Natasha
  1440 | D:2      | Noticed Natasha
  1447 | D:2      | Killed Natasha
  1709 | D:3      | Reached XP level 5. HP: 22/22 MP: 6/6
  2047 | D:3      | Found a stormy altar of Qazlal.
  2590 | D:4      | Noticed a black bear
  2597 | D:4      | Killed a black bear
  2598 | D:4      | Gained mutation: You are covered in thick fur. (AC +2)
                  | [Felid growth]
  2598 | D:4      | Reached XP level 6. HP: 20/27 MP: 7/7
  2745 | D:4      | HP: 2/40 [orc priest/+0 hand axe (4)]
  2745 | D:4      | Slain by a worm
  2783 | D:4      | Reached skill level 5 in Shapeshifting
  2888 | D:4      | Noticed Duvessa
  2888 | D:4      | Noticed Dowan
  2899 | D:4      | Killed Duvessa
  2900 | D:4      | Reached XP level 7. HP: 17/30 MP: 8/8
  2906 | D:4      | Killed Dowan
  3128 | D:4      | Reached skill level 5 in Unarmed Combat
  3205 | D:5      | Entered Level 5 of the Dungeon
  3314 | D:4      | Gained mutation: You are resistant to electric shocks.
                  | (rElec) [potion of mutation]
  3314 | D:4      | Gained mutation: Your flesh is cold resistant. (rC+)
                  | [potion of mutation]
  3314 | D:4      | Slain by an adder
  3828 | D:5      | Reached skill level 5 in Dodging
  4001 | D:5      | Reached XP level 8. HP: 34/34 MP: 9/9
  4192 | D:5      | Reached skill level 5 in Stealth
  4304 | D:5      | Noticed Prince Ribbit
  4313 | D:5      | Killed Prince Ribbit
  4556 | D:6      | Noticed Grinder
  4563 | D:6      | Killed Grinder
  4585 | D:6      | Slain by an orc warrior

Illustrated notes

Levels and vault maps discovered:
D:1:      dpeg_arrival_short_road, layout_loops_ring
D:2:      layout_loops_corners, serial_shops, shop, uniq_natasha
D:3:      minmay_chambers_of_twos, layout_basic, grunt_qazlal_clouds
D:4:      dreamdust_elfheim, layout_rooms
D:5:      layout_loops_cross, minmay_misc_feat_enclosed, dk_vineyard_3,
          uniq_prince_ribbit1, uniq_duvessa
D:6:      layout_loops_ring, chequers_garden, minmay_strange_pillars,
          corexii_checkpoint_a, uniq_grinder

Skill      XL: |  1  2  3  4  5  6  7  8 |
---------------+-------------------------+-----
Stealth        | 1 2 3 4 5 |  5.6
Dodging        | 3 4 5 6 |  6.1
Shapeshifting  | 4 5 6 |  6.7
Fighting       | 2 3 4 |  4.1
Unarmed Combat | 4 5 6 |  6.5

Action                     |  1- 3 |  4- 6 |  7- 9 || total
---------------------------+-------+-------+-------++-------
  Melee: Unarmed           |    68 |   122 |   105 ||   295
         Bite              |     6 |     5 |     8 ||    19
         Punch             |     1 |     2 |     5 ||     8
    Use: Potion            |       |     2 |     1 ||     3
   Stab: Sleeping          |     4 |     4 |     6 ||    14
         Distracted        |     2 |     1 |       ||     3
 Armour: Skin              |    22 |    38 |    30 ||    90
  Dodge: Dodged            |    38 |    83 |    71 ||   192
   Form: Beast             |     1 |       |       ||     1

Table legend: (Time is in decaauts)
 A = Elapsed time spent in this place.
 B = Non-inter-level travel time spent in this place.
 C = Inter-level travel time spent in this place.
 D = Time resting spent in this place.
 E = Time spent auto-exploring this place.
 F = Levels seen in this place.
 G = Mean time per level.
                   A        B        C        D        E       F      G
               +--------+--------+--------+--------+--------+-----+--------+
         Total |   3894 |   3777 |    117 |      0 |   3054 |   6 |  649.0 |
       Dungeon |   3894 |   3777 |    117 |      0 |   3054 |   6 |  649.0 |
               +--------+--------+--------+--------+--------+-----+--------+

Top non-repeatable levels by time:
     D:4: 1110 daAuts
     D:2: 801 daAuts
     D:5: 740 daAuts
     D:3: 634 daAuts
     D:1: 577 daAuts
     D:6: 31 daAuts
